 Dungeon Crawl Stone Soup version 0.28-a0-479-g5baa6b73be (webtiles) character file.

Game seed: 12584403490584870732

44 lagrange the Sneak (level 3, 0/21 HPs)
             Began as an Octopode Fire Elementalist on Sept 17, 2021.
             Slain by an adder (3 damage)
             ... on level 2 of the Dungeon.
             The game lasted 00:02:41 (1478 turns).

lagrange the Sneak (Octopode Fire Elementalist)     Turns: 1478, Time: 00:02:42

Health: 0/21       AC:  1    Str:  7    XL:     3   Next: 62%
Magic:  3/6        EV: 13    Int: 16    God:
Gold:   63         SH:  0    Dex: 12    Spells: 1/6 levels left

rFire   . . .      SeeInvis .   (no weapon)
rCold   . . .      Faith    .   (no shield)
rNeg    . . .      Spirit   .   (helmet restricted)
rPois   .          Reflect  .   (no amulet)
rElec   .          Harm     .   (no ring)
rCorr   .          Rampage  .   (no ring)
Will    .....                   (no ring)
Stlth   +++.......              (no ring)
HPRegen 0.07/turn               (no ring)
MPRegen 0.10/turn               (no ring)
                                (no ring)
                                (no ring)

@: lethally poisoned (0 -> -4)
A: almost no armour, amphibious, 8 rings, camouflage 1, gelatinous body 1,
(nimble swimmer 1), tentacles, dopey 1
a: no special abilities


You were on level 2 of the Dungeon.
You visited 1 branch of the dungeon, and saw 2 of its levels.

You collected 63 gold pieces.

Inventory:

Scrolls
 d - a scroll of blinking {unknown}
 e - a scroll of identify {unknown}
Potions
 a - a potion of mutation
 b - a potion of invisibility {unknown}
 c - a potion of haste {unknown}


   Skills:
 - Level 2.0 Dodging
 + Level 3.6 Stealth
 + Level 2.4 Spellcasting
 + Level 1.8 Conjurations
 + Level 3.4 Fire Magic


You had one spell level left.
You knew the following spells:

 Your Spells              Type           Power      Damage    Failure   Level
a - Foxfire               Conj/Fire      40%        2x1d6     7%          1
b - Scorch                Fire           24%        2d6       8%          2
c - Ensorcelled Hibernat  Hex/Ice        2%         N/A       30%         2

Your spell library contained the following spells:

 Spells                   Type           Power      Damage    Failure   Level
 Conjure Flame            Conj/Fire      10%        6-21      21%         3
 Inner Flame              Hex/Fire       7%         N/A       30%         3
 Spider Form              Tmut/Pois      0%         N/A       52%         3
 Flame Wave               Conj/Fire      10%        3d4       56%         4


Dungeon Overview and Level Annotations

Branches:
Dungeon (2/15)

Altars:


Innate Abilities, Weirdness & Mutations

You cannot wear most types of armour.
You are amphibious.
You can wear up to eight rings at the same time.
Your skin changes colour to match your surroundings (Stealth+).
Your rubbery body absorbs attacks. (AC +1, EV +1)
((You are camouflaged near water. (Stealth+)))
You have tentacles for arms and can constrict up to eight enemies at once.
You are dopey. (Int -2)


Message History

You release your grip on the goblin.
The foxfire hits the kobold but does no damage.
The kobold misses you.
Casting: Foxfire (safe; 6% risk of failure)
Confirm with . or Enter, or press ? or * to list all spells.
You conjure some foxfire!
The foxfire hits the bat.
You kill the bat!
The goblin closely misses you.
The kobold hits you with a +0 short sword.
The foxfire hits the goblin.
You kill the goblin!
Casting: Foxfire (safe; 6% risk of failure)
Confirm with . or Enter, or press ? or * to list all spells.
You conjure some foxfire!
The adder closely misses you. The kobold barely misses you.
The foxfire hits the endoplasm but does no damage.
The adder closely misses you.
The foxfire hits the adder.
The adder is heavily wounded.
The kobold hits you with a +0 short sword.
The endoplasm freezes you.
You are frozen.
Casting: Foxfire (safe; 6% risk of failure)
Confirm with . or Enter, or press ? or * to list all spells.
You conjure some foxfire!
The adder barely misses you. The adder closely misses you.
The foxfire hits the kobold.
The kobold is severely wounded.
The endoplasm barely misses you.
Your foxfire dissipates!
The adder bites you.
* * * LOW HITPOINT WARNING * * *
The adder bites you.
* * * LOW HITPOINT WARNING * * *
You are lethally poisoned!
The adder poisons you! The adder barely misses you.
It was a potion of mutation.
You feel extremely strange.
You feel stupid.
* * * LOW HITPOINT WARNING * * *
You feel sick. The adder bites you.
You die...

..........#
#.#.#.#.#.#..#
.............## #.#.#....
##).....# # ####..†#...##
###..########...K........
.......<.......JSS#######
############.#.#@##
.................#
...####..........#
...............
#.#........>.##
#.#............ #
#....P.....PP
#...P♣♣♣P.P♣♣


You could see 2 adders, an endoplasm and a kobold.

Vanquished Creatures
  A gnoll (D:1)
  A dart slug (D:1)
  4 ball pythons (D:1)
  2 endoplasms (D:1)
  2 giant cockroaches (D:1)
  2 goblins
  3 hobgoblins (D:1)
  2 jackals (D:1)
  3 kobolds (D:1)
  A quokka (D:1)
  3 bats
  3 frilled lizards (D:1)
  2 rats (D:1)
29 creatures vanquished.

Vanquished Creatures (others)
  17 foxfires
  5 plants (D:2)
22 creatures vanquished.

Grand Total: 51 creatures vanquished

Notes
Turn   | Place    | Note
-------+----------+-------------------------------------------
     0 | D:1      | lagrange the Octopode Fire Elementalist began the quest for
                  | the Orb.
     0 | D:1      | Reached XP level 1. HP: 11/11 MP: 3/3
   212 | D:1      | Reached XP level 2. HP: 9/17 MP: 0/5
   712 | D:1      | Reached XP level 3. HP: 21/21 MP: 4/6
  1074 | D:1      | Learned a level 2 spell: Scorch
  1303 | D:1      | Learned a level 2 spell: Ensorcelled Hibernation
  1478 | D:2      | Gained mutation: You are dopey. (Int -2) [potion of
                  | mutation]
  1478 | D:2      | Slain by an adder

Illustrated notes

Levels and vault maps discovered:
D:1:      amcnicky_arrival_choice, layout_basic
D:2:      layout_rooms, ebering_ecumenical_altar_webs, st_stairs_10,
          kennysheep_boxes

Skill      XL: |  1 |
---------------+----+-----
Stealth        | 3 |  3.6
Dodging        | |  2.0
Spellcasting   | |  2.4
Conjurations   | |  1.8
Fire Magic     | |  3.4

Action                   || total
-------------------------++-------
Melee: Unarmed           ||    72
       Constrict         ||    18
       Tentacles         ||    13
 Cast: Foxfire           ||    12
       Scorch            ||     1
  Use: Potion            ||     1
 Stab: Sleeping          ||     6
Armor: Skin              ||     5
Dodge: Dodged            ||    53

Table legend: (Time is in decaauts)
 A = Elapsed time spent in this place.
 B = Non-inter-level travel time spent in this place.
 C = Inter-level travel time spent in this place.
 D = Time resting spent in this place.
 E = Time spent auto-exploring this place.
 F = Levels seen in this place.
 G = Mean time per level.
                   A        B        C        D        E       F      G
               +--------+--------+--------+--------+--------+-----+--------+
         Total |   1477 |   1470 |      7 |    398 |    811 |   2 |  738.5 |
       Dungeon |   1477 |   1470 |      7 |    398 |    811 |   2 |  738.5 |
               +--------+--------+--------+--------+--------+-----+--------+

Top non-repeatable levels by time:
     D:1: 1451 daAuts
     D:2: 26 daAuts
